 Dungeon Crawl Stone Soup version 0.28.0 (webtiles) character file.

Game seed: 9863197098909599648

161 browni3141 the Skirmisher (level 5, -6/49 HPs)
             Began as a Gargoyle Berserker on Feb 16, 2022.
             Was a Believer of Trog.
             Mangled by Duvessa (12 damage)
             ... on level 4 of the Dungeon.
             The game lasted 00:01:52 (4014 turns).

browni3141 the Skirmisher (Gargoyle Berserker)      Turns: 4014, Time: 00:01:53

Health: -6/49      AC: 14    Str: 21    XL:     5   Next: 42%
Magic:  5/5        EV:  8    Int:  7    God:    Trog [**....]
Gold:   148        SH:  0    Dex: 11    Spells: 4/4 levels left

rFire   . . .      SeeInvis .   a - +0 hand axe
rCold   . . .      Faith    .   (no shield)
rNeg    + . .      Spirit   .   e - +0 chain mail
rPois   ∞          Reflect  .   (no helmet)
rElec   +          Harm     .   (no cloak)
rCorr   +          Rampage  .   d - +0 pair of gloves
Will    .....                   (no boots)
Stlth   ..........              (no amulet)
HPRegen 0.16/turn               k - ring of resist corrosion
MPRegen 0.09/turn               (no ring)

@: berserking, lit by a corona, glowing, very quick
A: sickness immunity, AC +4, negative energy resistance 1, electricity
resistance, torment resistance 1, petrification resistance
a: Renounce Religion, Berserk, Trog's Hand


You were on level 4 of the Dungeon.
You worshipped Trog.
Trog was pleased with you.
You visited 1 branch of the dungeon, and saw 4 of its levels.

You collected 148 gold pieces.

Inventory:

Hand Weapons
 a - a +0 hand axe (weapon)
Armour
 b - a +0 animal skin
 d - a +0 pair of gloves (worn)
 e - a +0 chain mail (worn)
Jewellery
 k - a ring of resist corrosion (left hand)
Scrolls
 f - a scroll of blinking {unknown}
 g - a scroll of holy word {unknown}
 h - a scroll of identify {unknown}
 i - a scroll of teleportation {unknown}
Potions
 c - a potion of resistance {unknown}
 j - 2 potions of brilliance {unknown}
 l - a potion of curing {unknown}


   Skills:
 + Level 4.1 Fighting
 + Level 3.3 Axes
 + Level 3.3 Armour
 + Level 2.4 Dodging
 + Level 2.3 Stealth


You had 4 spell levels left.
You didn't know any spells.
Your spell library was empty.

Dungeon Overview and Level Annotations

Branches:
Dungeon (4/15)
 Temple: D:4-7

Altars:
Fedhas
Yredelemnul

Shops:
D:2 (

Annotations:
D:4 Duvessa


Innate Abilities, Weirdness & Mutations

You are immune to sickness and miasma.
Your stone body is resilient. (AC +4)
You are immune to poison.
You resist negative energy. (rN+)
You are resistant to electric shocks. (rElec)
You are resistant to unholy torment.
You are immune to petrification.


Message History

Dowan closely misses you.
You slash Dowan!
Dowan is heavily wounded.
You hit Duvessa but do no damage. Duvessa hits you but does no damage.
Dowan barely misses you.
You hit Dowan.
Dowan is severely wounded.
You hit Duvessa but do no damage.
Duvessa hits you with a +2 rapier of electrocution!
You barely miss Duvessa.
Duvessa is lightly wounded.
You hit Dowan. Dowan hits you but does no damage.
You slash Duvessa!
Duvessa is moderately wounded.
You hit Dowan.
Duvessa hits you with a +2 rapier of electrocution!
* * * LOW HITPOINT WARNING * * *
Dowan hits you but does no damage.
You slash Duvessa!
Duvessa is heavily wounded.
You hit Dowan.
You kill Dowan!
Trog accepts your kill.
Trog appreciates your killing of a magic user.
Duvessa weeps, and shakes her weapon.
Duvessa goes berserk!
Duvessa closely misses you.
You have reached level 5!
You slash Duvessa!
Duvessa is heavily wounded.
Duvessa hits you with a +2 rapier of electrocution.
* * * LOW HITPOINT WARNING * * *
You hit Duvessa.
Duvessa is severely wounded.
Duvessa hits you with a +2 rapier of electrocution.
* * * LOW HITPOINT WARNING * * *
You are too injured to fight recklessly!
You hit Duvessa but do no damage.
Duvessa is severely wounded.
Duvessa hits you with a +2 rapier of electrocution!
You die...

........# ###.......##
#.+......... #+#.###......#
#.....#......##
##+##..†..+.....<.#
#...#.....#...e)..#
+#...#'#.#####..@..##
.......#.'...+......# ####
##...#####...#####..# ####..###
.+...'.#.......#.'.####.......##
.#####.#+#...#+#.### #.........##
...#.....#...#.....###..........#
...'.....##'##.....+.............
...#.....#...#.....#.............
.#####.#+#...#'#.#####)..........


You could see Duvessa (berserk).

Vanquished Creatures
  Dowan (D:4)
  3 adders
  3 worms (D:2)
  A dart slug (D:3)
  An orc (D:4)
  6 bats
  3 endoplasms
  4 giant cockroaches
  5 goblins
  11 hobgoblins
  5 jackals
  7 kobolds
  2 quokkas
  6 ball pythons
  6 frilled lizards
  6 rats
70 creatures vanquished.

Vanquished Creatures (others)
  A demonic plant (D:1)
  A withered plant (D:1)
2 creatures vanquished.

Grand Total: 72 creatures vanquished

Notes
Turn   | Place    | Note
-------+----------+-------------------------------------------
     0 | D:1      | browni3141 the Gargoyle Berserker began the quest for the
                  | Orb.
     0 | D:1      | Reached XP level 1. HP: 14/14 MP: 1/1
   392 | D:1      | Reached XP level 2. HP: 16/19 MP: 2/2
   531 | D:1      | Found a faded altar of an unknown god.
   697 | D:1      | Reached skill level 1 in Stealth
  1030 | D:1      | Reached XP level 3. HP: 17/23 MP: 3/3
  1838 | D:2      | Found Mahubyokk's Antique Weapon Boutique.
  2696 | D:3      | Reached XP level 4. HP: 29/29 MP: 4/4
  2951 | D:3      | Reached ** piety under Trog
  3078 | D:3      | Found a blossoming altar of Fedhas.
  3388 | D:3      | Found a basalt altar of Yredelemnul.
  3668 | D:4      | Reached skill level 4 in Fighting
  4001 | D:4      | Noticed Duvessa
  4001 | D:4      | Noticed Dowan
  4011 | D:4      | Killed Dowan
  4012 | D:4      | Reached XP level 5. HP: 13/33 MP: 5/5
  4014 | D:4      | Mangled by Duvessa

Illustrated notes

Levels and vault maps discovered:
D:1:      wander_arrival_estate, layout_rooms, shapermc_ecumenical_altar_gd,
          st_stairs_3
D:2:      layout_rooms, serial_shops, shop
D:3:      layout_loops_ring, marbit_many_paths, fedhas_altar_4
D:4:      nicolae_cairo_tiling_large, layout_cave_pods,
          nicolae_ru_the_path_less_chosen, minmay_temple_entry_hall,
          uniq_duvessa

Skill      XL: |  1  2  3  4 |
---------------+-------------+-----
Stealth        | 1 2 |  2.3
Axes           | 3 |  3.3
Dodging        | 2 |  2.4
Armour         | 3 |  3.3
Fighting       | 4 |  4.1

Action                   |  1- 3 |  4- 6 || total
-------------------------+-------+-------++-------
Melee: Hand axe          |   149 |   107 ||   256
       Punch             |       |     1 ||     1
Invok: Berserk           |     3 |     1 ||     4
 Stab: Sleeping          |     1 |       ||     1
Armor: Animal skin       |    41 |       ||    41
       Chain mail        |    16 |    75 ||    91
Dodge: Dodged            |    87 |    55 ||   142
